Match 38283912
Unlisted

Match 38283912
End
Construct Barracks
Selects Armored Battlegroup
Engineer Squad
Riflemen Squad
Selects Assault Engineers
Riflemen Squad
Riflemen Squad
M1 Mortar Team
Mechanized Support Center
Construct Medical Station
M1918 Browning Automatic Rifles
Selects Strength in Steel
Construct Motor Pool
M8 Greyhound Armored Car
Riflemen Squad
Selects Seek and Destroy
Construct Tank Depot
M1 Anti-tank Gun Team
Selects UNKNOWN (2160077)
Grenade Package
Assault Engineer Squad
Selects Field Repairs
Selects War Machine
M1 Mortar Team
M4A3E8 Sherman Easy Eight
Assault Engineer Squad
Improvised Armor
Riflemen Squad
Riflemen Squad
M4A1 Sherman Medium Tank
Wrathment
Fenix
0
0

Comments sign in to comment!

No comments posted yet!